 Dungeon Crawl Stone Soup version 0.27-a0-1090-gb115f176c6 (webtiles) character file.

Game seed: 3166819900004845124

56 sizableburger the Chucker (level 3, 0/28 HPs)
             Began as a Mummy Hunter on Apr 28, 2021.
             Slain by a gnoll
             ... wielding a +0 spear
              (5 damage)
             ... on level 2 of the Dungeon.
             The game lasted 00:02:23 (1271 turns).

sizableburger the Chucker (Mummy Hunter)            Turns: 1271, Time: 00:02:24

Health: 0/28       AC:  3    Str: 16    XL:     3   Next: 69%
Magic:  3/3        EV: 11    Int: 10    God:
Gold:   43         SH:  0    Dex: 12    Spells: 1/2 levels left

rFire    x . .     SeeInvis .   j - +0 dagger
rCold    + + .     Faith    .   (no shield)
rNeg     + + +     Spirit   .   b - +0 leather armour
rPois    ∞         Reflect  .   (no helmet)
rElec    .         Harm     .   (no cloak)
rCorr    .         Rampage  .   (no gloves)
Will     .....                  (no boots)
Stlth    +.........             (no amulet)
HPRegen  0.09/turn              i - ring of protection from cold
MPRegen  0.08/turn              (no ring)

@: no status effects
A: cold resistance 1, negative energy resistance 3, torment resistance 2,
unbreathing 1, heat vulnerability 1, no potions
a: no special abilities


You were on level 2 of the Dungeon.
You visited 1 branch of the dungeon, and saw 2 of its levels.

You collected 43 gold pieces.

Inventory:

Hand Weapons
 j - a +0 dagger (weapon)
Missiles
 d - a throwing net (quivered)
Armour
 b - a +0 leather armour (worn)
Jewellery
 i - a ring of protection from cold (left hand)
Scrolls
 e - a scroll of summoning {unknown}
 f - 3 scrolls of identify {unknown}
 g - a scroll of amnesia {unknown}
 h - a scroll of fear {unknown}


   Skills:
 + Level 2.7 Fighting
 + Level 1.3 Short Blades
 + Level 3.6 Throwing
 - Level 1.5 Dodging
 - Level 0.7 Stealth
 + Level 1.0 Necromancy


You had one spell level left.
You knew the following spells:

 Your Spells              Type           Power      Damage    Failure   Level
a - Pain                  Necr           8%         1d4       30%         1

Your spell library contained the following spells:

 Spells                   Type           Power      Damage    Failure   Level
 Animate Skeleton         Necr           4%         N/A       30%         1
 Vampiric Draining        Necr           1%         2d6       67%         3
 Animate Dead             Necr           1%         N/A       97%         4
 Agony                    Necr           2%         N/A       100%        5


Dungeon Overview and Level Annotations

Branches:
Dungeon (2/15)

Altars:


Innate Abilities, Weirdness & Mutations

You are immune to poison.
Your flesh is cold resistant. (rC+)
You are immune to negative energy. (rN+++)
You are immune to unholy pain and torment.
You can survive without breathing.
You are vulnerable to heat. (rF-)
You do not drink.


Message History

You kill the gnoll!
The gnoll struggles against the net. x2
Throw: 4 javelins
Press: ? - help, Q - select action, (/) - cycle Shift-Dir - straight line, f - gnoll
Aim: a gnoll, wielding a +0 halberd (lightly wounded, entangled in a net, 93% to hit)
You throw a javelin. The javelin pierces through the gnoll!
The gnoll is almost dead.
The gnoll struggles against the net.
Throw: 3 javelins
Press: ? - help, Q - select action, (/) - cycle Shift-Dir - straight line, f/p - gnoll
Aim: a gnoll, wielding a +0 halberd (almost dead, entangled in a net, 93% to hit)
You throw a javelin. The javelin pierces through the gnoll.
The gnoll is almost dead.
The javelin pierces through the gnoll but does no damage.
The gnoll is almost dead.
The javelin pierces through the gnoll.
The gnoll is moderately wounded.
The gnoll hits you with a +0 flail.
The gnoll struggles against the net.
The gnoll barely misses you.
Throw: 2 javelins
Press: ? - help, Q - select action, (/) - cycle Shift-Dir - straight line, f/p - gnoll
Aim: a gnoll, wielding a +0 halberd (almost dead, entangled in a net, 93% to hit)
You throw a javelin. The javelin closely misses the gnoll.
The javelin pierces through the gnoll.
You kill the gnoll!
The javelin pierces through the gnoll but does no damage.
The gnoll is moderately wounded.
The gnoll barely misses you. x2
Your Necromancy skill increases to level 1!
Throw: javelin
Press: ? - help, Q - select action, (/) - cycle Shift-Dir - straight line, f - gnoll
Aim: a gnoll, wielding a +0 flail (almost dead, 63% to hit)
You throw a javelin.
The javelin pierces through the gnoll but does no damage.
The gnoll is almost dead.
The javelin closely misses the gnoll.
The gnoll hits you with a +0 flail!
* * * LOW HITPOINT WARNING * * *
The gnoll hits you from afar with a +0 spear.
You die...

######### #.......#
#.#####.###
#.#####.†.######
#.##...........#
####.##.##...####.#
#..g....#(.gg@.##.####
#..
#.##....(..###.#.....#
#...
g.g..#######.####.#.#...#
B... ####.#
#.##.........# #... .#.
#.##.#.####.### #... # #
.). #.##...).# #... ...
..##.#.#.#####...
......####.#.#.........
.(.... # #...........


You could see 2 gnolls.

Vanquished Creatures
  2 gnolls (D:2)
  An adder (D:2)
  A bat (D:2)
  5 endoplasms
  2 giant cockroaches (D:1)
  3 goblins
  2 hobgoblins (D:1)
  3 kobolds
  2 frilled lizards (D:1)
  6 rats
27 creatures vanquished.

Notes
Turn   | Place    | Note
-------+----------+-------------------------------------------
     0 | D:1      | sizableburger the Mummy Hunter began the quest for the Orb.
     0 | D:1      | Reached XP level 1. HP: 16/16 MP: 1/1
   318 | D:1      | Reached XP level 2. HP: 22/22 MP: 2/2
   482 | D:1      | Found a faded altar of an unknown god.
   737 | D:1      | Learned a level 1 spell: Pain
  1067 | D:2      | Reached skill level 1 in Short Blades
  1074 | D:2      | Reached XP level 3. HP: 22/28 MP: 3/3
  1271 | D:2      | Reached skill level 1 in Necromancy
  1271 | D:2      | Slain by a gnoll

Illustrated notes

Levels and vault maps discovered:
D:1:      scummos_arrival_forest, layout_loops_cross,
          shapermc_ecumenical_altar_mp_highgroup
D:2:      minmay_chambers_of_ones, layout_loops_cross

Skill      XL: |  1  2  3 |
---------------+----------+-----
Short Blades   | 1 |  1.3
Necromancy     | 1 |  1.0
Fighting       | |  2.7
Throwing       | |  3.6
Dodging        | |  1.5
Stealth        | |  0.7

Action                   || total
-------------------------++-------
Melee: Short sword       ||    49
       Dagger            ||    19
Throw: Javelin           ||    23
       Throwing net      ||     1
Armor: Leather armour    ||    18
Dodge: Dodged            ||    52

Table legend: (Time is in decaauts)
 A = Elapsed time spent in this place.
 B = Non-inter-level travel time spent in this place.
 C = Inter-level travel time spent in this place.
 D = Time resting spent in this place.
 E = Time spent auto-exploring this place.
 F = Levels seen in this place.
 G = Mean time per level.
                   A        B        C        D        E       F      G
               +--------+--------+--------+--------+--------+-----+--------+
         Total |   1279 |   1215 |     64 |    146 |    869 |   2 |  639.5 |
       Dungeon |   1279 |   1215 |     64 |    146 |    869 |   2 |  639.5 |
               +--------+--------+--------+--------+--------+-----+--------+

Top non-repeatable levels by time:
     D:1: 1032 daAuts
     D:2: 247 daAuts
